 Dungeon Crawl Stone Soup version 0.30-a0-986-g7f2e898f52 (webtiles) character file.

Game seed: 4341572989388723839

249 Grim the Chopper (level 5, -2/45 HPs)
             Began as a Minotaur Fighter on Apr 2, 2023.
             Slain by a gnoll
             ... wielding a +0 flail
             ... led by a gnoll bouda
              (7 damage)
             ... on level 4 of the Dungeon.
             The game lasted 00:02:31 (1608 turns).

Grim the Chopper (Minotaur Fighter)                 Turns: 1608, Time: 00:02:32

Health: -2/45      AC:  6    Str: 22    XL:     5   Next: 86%
Magic:  4/4        EV:  9    Int: 11    God:
Gold:   193        SH:  4    Dex: 10    Spells: 4/4 levels left

rFire   . . .      SeeInvis .    a - +0 war axe
rCold   . . .      Faith    .    c - +0 buckler
rNeg    . . .      Spirit   .    b - +0 scale mail
rPois   .          Reflect  .    (helmet restricted)
rElec   .          Rampage  .    (no cloak)
rCorr   .                        (no gloves)
Will    +....                    (no boots) Stlth
                                 (no amulet)
HPRegen 0.27/turn                i - ring of willpower
MPRegen 0.09/turn                z - +6 ring of intelligence

@: mighty
A: horns 2, retaliatory headbutt
a: no special abilities


You were on level 4 of the Dungeon.
You visited 1 branch of the dungeon, and saw 5 of its levels.

You collected 193 gold pieces.

Inventory:

Hand Weapons
 a - a +0 war axe (weapon)
Missiles
 o - a throwing net (quivered)
Armour
 b - a +0 scale mail (worn)
 c - a +0 buckler (worn)
 p - a +0 pair of gloves
Jewellery
 i - a ring of willpower (left hand)
 z - a +6 ring of intelligence (right hand)
Wands
 r - a wand of mindburst (13)
Scrolls
 f - 4 scrolls of identify {unknown}
 h - a scroll of teleportation {unknown}
 k - 2 scrolls of blinking {unknown}
 n - 2 scrolls of enchant armour {unknown}
 q - a scroll of amnesia {unknown}
 s - 2 scrolls of silence {unknown}
 y - a scroll of poison {unknown}
Potions
 d - a potion of might
 e - 7 potions of curing {unknown}
 g - a potion of brilliance {unknown}
 j - 3 potions of resistance {unknown}
 l - 2 potions of magic {unknown}
 m - a potion of lignification {unknown}
 t - a potion of heal wounds {unknown}
 u - a potion of berserk rage {unknown}
 v - a potion of attraction {unknown}
 w - a potion of mutation {unknown}
 x - a potion of haste {unknown}


   Skills:
 - Level 3.6 Fighting
 + Level 7.5 Axes
 - Level 3.6 Armour
 - Level 3.6 Shields


You had 4 spell levels left.
You didn't know any spells.
Your spell library was empty.

Dungeon Overview and Level Annotations

Branches:
Dungeon (5/15)
 Temple: D:4-7

Altars:
Nemelex Xobeh


Innate Abilities, Weirdness & Mutations

You have a pair of horns on your head.
You reflexively headbutt those who attack you in melee.


Message History

The gnoll bouda hits you with a +0 whip.
* * * LOW HITPOINT WARNING * * *
You climb upwards.
There is a stone staircase leading down here.
Unknown command.
You hit the gnoll but do no damage. You completely miss the gnoll.
The gnoll hits you but does no damage. The gnoll hits you with a +0 halberd!
* * * LOW HITPOINT WARNING * * *
The gnoll bouda gazes fiercely through you!
You feel your attacks grow feeble.
Unknown command.
You slash the gnoll bouda! You headbutt the gnoll bouda.
The gnoll bouda is heavily wounded.
You barely miss the gnoll. You block the gnoll's attack. x2
Unknown command.
You hit the gnoll bouda. You headbutt the gnoll bouda.
The gnoll bouda is almost dead.
You hit the gnoll but do no damage. You block the gnoll's attack.
The gnoll hits you but does no damage.
You barely miss the gnoll. You barely miss the gnoll bouda.
The gnoll barely misses you. The gnoll hits you with a +0 halberd.
* * * LOW HITPOINT WARNING * * *
You hit the gnoll bouda but do no damage.
You headbutt the gnoll bouda.
You kill the gnoll bouda!
You closely miss the gnoll.
The gnoll hits you from afar with a +0 spear.
* * * LOW HITPOINT WARNING * * *
The gnoll hits you but does no damage. You block the gnoll's attack.
You feel very mighty all of a sudden.
Your attacks no longer feel as feeble.
The gnoll hits you from afar with a +0 spear.
* * * LOW HITPOINT WARNING * * *
The gnoll hits you with a +0 halberd.
* * * LOW HITPOINT WARNING * * *
The gnoll barely misses you.
You barely miss the gnoll. You slash the gnoll!
The gnoll hits you from afar with a +0 spear.
* * * LOW HITPOINT WARNING * * *
You block the gnoll's attack. The gnoll hits you with a +0 flail!
You die...

###### .....#######
#..........#
#..........#
#..........#######
...............g@#
#).........#####g#
#...............g.
#.#.#......#####.##
#.#.######.### #.#
# #..........# #.#
..#...####.#.# #.#
.........#...# #.#
..#...#......#


You could see 3 gnolls.

Vanquished Creatures
  A phantom (D:3)
  A hound (D:2)
  A gnoll bouda (D:4)
  A jelly (D:4)
  An orc priest (D:4)
  An adder (D:4)
  2 dart slugs
  2 orcs (D:4)
  9 endoplasms
  3 giant cockroaches (D:1)
  2 hobgoblins
  3 quokkas
  6 ball pythons
  5 bats
  3 frilled lizards
  2 goblins (D:1)
  2 kobolds (D:2)
  5 rats
50 creatures vanquished.

Notes
Turn   | Place    | Note
-------+----------+-------------------------------------------
     0 | D:1      | Grim the Minotaur Fighter began the quest for the Orb.
     0 | D:1      | Reached XP level 1. HP: 19/19 MP: 0/0
    59 | D:1      | Reached skill level 3 in Axes
   137 | D:1      | Reached XP level 2. HP: 26/26 MP: 1/1
   272 | D:1      | Found a faded altar of an unknown god.
   469 | D:1      | Reached skill level 4 in Axes
   613 | D:2      | Reached XP level 3. HP: 31/31 MP: 2/2
   861 | D:2      | Reached skill level 5 in Axes
   958 | D:3      | Reached XP level 4. HP: 39/39 MP: 3/3
   970 | D:3      | Noticed a phantom
   981 | D:3      | Killed a phantom
   982 | D:3      | Reached skill level 6 in Axes
   982 | D:3      | Reached XP level 5. HP: 41/45 MP: 4/4
  1084 | D:3      | Found a sparkling altar of Nemelex Xobeh.
  1460 | D:4      | Reached skill level 7 in Axes
  1587 | D:4      | You fall into a shaft and drop 1 floor!
  1587 | D:5      | Entered Level 5 of the Dungeon
  1608 | D:4      | Slain by a gnoll

Illustrated notes

Levels and vault maps discovered:
D:1:      lemuel_arrival_lava_pool, layout_rooms,
          shapermc_ecumenical_altar_mp_highgroup, feat_on_display
D:2:      layout_rooms
D:3:      layout_rooms, lemuel_crystal_altar
D:4:      layout_basic, minitemple, lemuel_round_altar, kennysheep_little_box,
          minmay_temple_entry_glass, serial_shops, nicolae_shop_statue_plus
D:5:      layout_rooms, hangedman_decor_push, amcnicky_mini_rare_corridor_liquid

Skill      XL: |  1  2  3  4  5 |
---------------+----------------+-----
Axes           | 3 4 5 6 7 |  7.5
Fighting       | |  3.6
Armour         | |  3.6
Shields        | |  3.6

Action                     |  1- 3 |  4- 6 || total
---------------------------+-------+-------++-------
  Melee: War axe           |    63 |    33 ||    96
         Headbutt          |     7 |     5 ||    12
    Use: Potion            |       |     1 ||     1
 Armour: Scale mail        |    15 |    13 ||    28
  Dodge: Dodged            |    35 |     9 ||    44
  Block: Buckler           |    16 |     7 ||    23

Table legend: (Time is in decaauts)
 A = Elapsed time spent in this place.
 B = Non-inter-level travel time spent in this place.
 C = Inter-level travel time spent in this place.
 D = Time resting spent in this place.
 E = Time spent auto-exploring this place.
 F = Levels seen in this place.
 G = Mean time per level.
                   A        B        C        D        E       F      G
               +--------+--------+--------+--------+--------+-----+--------+
         Total |   1635 |   1599 |     36 |     68 |   1222 |   5 |  327.0 |
       Dungeon |   1635 |   1599 |     36 |     68 |   1222 |   5 |  327.0 |
               +--------+--------+--------+--------+--------+-----+--------+

Top non-repeatable levels by time:
     D:1: 517 daAuts
     D:2: 457 daAuts
     D:3: 433 daAuts
     D:4: 212 daAuts
     D:5: 13 daAuts
